cohdb
Replays
Latest Replays
All Replays
Popular Replays
Top Player Replays
Match Explorer
How It Works
Community
CoH3 Stats
Reddit
Sign in to upload your games and track your stats! →
Sign in with Steam
Match 43774404
Unlisted
Match 43774404
Overview
Messages
Build Orders
End
Construct Section Command Post
Vickers Machine Gun Team
Infantry Section
ML 3-inch Mortar Team
Infantry Section
Selects Indian Artillery Battlegroup
Selects Towed ML 4.2-inch Heavy Mortar
Infantry Section
Towed ML 4.2-inch Heavy Mortar
Construct Platoon Command Post
Selects Valour
Selects Gurkha Rifles Section
Gurkha Rifles Section
Infantry Training
Construct Company Command Post
Selects Off-map Airburst Barrage
Selects Pillage
Matilda II Heavy Tank
Off-map Airburst Barrage
Matilda II Heavy Tank
Foot Guards Section
Selects BL5.5 Artillery Emplacement
Royal Engineer Section
Off-map Airburst Barrage
Czajniczek
Don Q Shot
Liviu
TotallyUndressed
0
0
Comments
sign in to comment!
No comments posted yet!